 Dungeon Crawl Stone Soup version 0.22-a0-422-g9628fc8 (webtiles) character file.

1664 galech the Fighter (level 9, -3/76 HPs)
             Began as a Gnoll Wanderer on May 18, 2018.
             Slain by Joseph
             ... wielding a +2 quarterstaff of draining
              (4 damage)
             ... on level 7 of the Dungeon.
             The game lasted 00:17:08 (6965 turns).

galech the Fighter (Gnoll Wanderer)                 Turns: 6965, Time: 00:17:09

Health: -3/76      AC:  8    Str: 20    XL:     9   Next: 1%
Magic:  14/14      EV:  6    Int: 17    God:
Gold:   447        SH: 10    Dex: 15    Spells: 15/15 levels left

rFire    . . .     SeeInvis .   e - +2 short sword (flame)
rCold    . . .     Gourm    .   a - +1 shield
rNeg     . . .     Faith    .   o - +0 chain mail
rPois    .         Spirit   .   (no helmet)
rElec    .         Reflect  .   (no cloak)
rCorr    .         Harm     .   (no gloves)
MR       .....                  (no boots)
Stlth    ..........             n - amulet of rage
HPRegen  0.22/turn              (no ring)
MPRegen  0.14/turn              (no ring)

@: mighty, heavily drained
A: distributed training, fangs 1, strong nose
a: Evoke Berserk Rage


You were on level 7 of the Dungeon.
You were very hungry.

You visited 2 branches of the dungeon, and saw 8 of its levels.

You collected 447 gold pieces.

Inventory:

Hand Weapons
 d - a +0 dagger
 e - a +2 short sword of flaming (weapon)
 j - a +1 scimitar
 l - a +2 halberd of freezing
Armour
 a - a +1 shield (worn)
 b - a +0 ring mail
 o - a +0 chain mail (worn)
Jewellery
 n - an amulet of rage (around neck)
Wands
 g - a wand of scattershot (6)
Scrolls
 c - 4 scrolls of teleportation
 h - 4 scrolls of enchant armour
 i - a scroll of blinking
 m - 2 scrolls of immolation
 r - a scroll of enchant weapon
 s - a scroll of amnesia
 v - 4 scrolls of fear
 y - 3 scrolls of remove curse
 z - a scroll of random uselessness
Potions
 k - a potion of ambrosia
 q - a potion of cancellation {unknown}
 w - 2 potions of lignification
 x - a potion of haste
Comestibles
 f - 12 rations


   Skills:
 + Level 9.3(6.8) Fighting
 + Level 3.7(1.5) Short Blades
 + Level 3.7(1.5) Long Blades
 + Level 3.7(1.5) Axes
 + Level 3.7(1.5) Maces & Flails
 + Level 3.7(1.5) Polearms
 + Level 3.7(1.5) Staves
 + Level 3.7(1.5) Slings
 + Level 4.5(2.4) Bows
 + Level 3.7(1.5) Crossbows
 + Level 3.7(1.5) Throwing
 + Level 4.5(2.4) Armour
 + Level 4.5(2.4) Dodging
 + Level 4.4(2.2) Stealth
 + Level 5.9(3.7) Shields
 + Level 3.7(1.5) Unarmed Combat
 + Level 3.7(1.5) Spellcasting
 + Level 3.0(0.9) Conjurations
 + Level 3.0(0.9) Hexes
 + Level 3.0(0.9) Charms
 + Level 3.0(0.9) Summonings
 + Level 3.0(0.9) Necromancy
 + Level 3.0(0.9) Translocations
 + Level 3.0(0.9) Transmutations
 + Level 3.0(0.9) Fire Magic
 + Level 3.0(0.9) Ice Magic
 + Level 3.0(0.9) Air Magic
 + Level 3.0(0.9) Earth Magic
 + Level 3.0(0.9) Poison Magic
 + Level 4.0(1.9) Invocations
 + Level 3.7(1.5) Evocations


You had 15 spell levels left.
You didn't know any spells.
Your spell library contained the following spells:

 Spells                   Type           Power        Failure   Level  Hunger
 Apportation              Tloc           #.....       100%        1    ##.....
 Confuse                  Hex            #.......     100%        3    ####...
 Summon Small Mammal      Summ           #...         100%        1    ##.....
 Animate Skeleton         Necr           N/A          100%        1    ##.....
 Tukima's Dance           Hex            #.......     100%        3    ####...
 Confusing Touch          Hex            #.....       100%        1    ##.....
 Ensorcelled Hibernation  Hex/Ice        #.....       100%        2    ###....
 Corona                   Hex            #......      100%        1    ##.....
 Dazzling Spray           Conj/Hex       #.....       100%        3    ####...


Dungeon Overview and Level Annotations

Branches:
Dungeon (7/15)             Temple (1/1) D:5

Altars:
Ashenzari
Cheibriados
Elyvilon
Fedhas
Hepliaklqana
Kikubaaqudgha
Makhleb
Nemelex Xobeh
Qazlal
Sif Muna
Trog
Uskayaw
Vehumet
Wu Jian
Xom
Yredelemnul
The Shining One
Lugonu

Annotations:
D:4 Nib's ghost, amateur MiCK
D:7 Joseph


Innate Abilities, Weirdness & Mutations

Your experience applies equally to all skills.
You have very sharp teeth.
Your uncanny sense of smell can sniff out nearby items.


Message History

Joseph hits you with an uncursed quarterstaff of draining.
You feel drained.
You are too injured to fight recklessly!
You closely miss Joseph.
Joseph is lightly wounded.
Joseph hits you but does no damage.
You feel drained.
You closely miss Joseph. You bite Joseph, but do no damage.
Joseph is lightly wounded.
Joseph hits you with an uncursed quarterstaff of draining!
* * * LOW HITPOINT WARNING * * *
You feel drained.
* * * LOW HITPOINT WARNING * * *
You puncture Joseph! You burn Joseph.
Joseph is moderately wounded.
You block Joseph's attack.
You feel very mighty all of a sudden.
Joseph hits you with an uncursed quarterstaff of draining!
* * * LOW HITPOINT WARNING * * *
You feel drained.
You die...

#...........
#..........
#...$....####.
#.............
#.........#
####.#....# #
#.##.#####
#<@......#
##@#.##.## #(#
.. # #.# ##
#.. ####


You could see Joseph.

Vanquished Creatures
  An ogre (D:6)
  3 bullfrogs (D:6)
  6 scorpions
  3 wights (D:6)
  2 howler monkeys
  A centaur zombie (D:5)
  3 crimson imps (D:6)
  2 orc priests
  4 hounds
  A centaur skeleton (D:5)
  2 iguanas
  5 orc wizards
  6 worker ants
  A killer bee zombie (D:6)
  A hound skeleton (D:6)
  5 adders
  A gnoll (D:2)
  An adder skeleton (D:5)
  6 worms
  A dart slug (D:4)
  A leopard gecko (D:6)
  18 orcs
  6 giant cockroaches
  8 goblins
  5 hobgoblins
  8 jackals
  8 kobolds
  5 ball pythons
  15 bats
  7 frilled lizards
  A quokka skeleton (D:4)
  11 rats
  A fungus (D:3)
149 creatures vanquished.

Vanquished Creatures (others)
  2 fungi (D:5)
2 creatures vanquished.

Grand Total: 151 creatures vanquished

Notes
Turn   | Place    | Note
-------+----------+-------------------------------------------
     0 | D:1      | galech the Gnoll Wanderer began the quest for the Orb.
     0 | D:1      | galech set off with: a +0 shield, a +0 ring mail, a scroll of teleportation, a +0 dagger, a ration
     0 | D:1      | Reached XP level 1. HP: 26/26 MP: 1/1
   114 | D:1      | Reached XP level 2. HP: 32/33 MP: 2/2
   717 | D:2      | Reached XP level 3. HP: 29/38 MP: 3/3
   905 | D:1      | Reached skill level 1 in Invocations
  1216 | D:2      | Found an ornate altar of the Wu Jian Council.
  1301 | D:2      | Found a glowing golden altar of the Shining One.
  1337 | D:2      | Found a sparkling altar of Nemelex Xobeh.
  1391 | D:2      | Found a burning altar of Makhleb.
  1399 | D:2      | Reached skill level 1 in Short Blades
  1399 | D:2      | Reached skill level 1 in Long Blades
  1399 | D:2      | Reached skill level 1 in Axes
  1399 | D:2      | Reached skill level 1 in Maces & Flails
  1399 | D:2      | Reached skill level 1 in Polearms
  1399 | D:2      | Reached skill level 1 in Staves
  1399 | D:2      | Reached skill level 1 in Slings
  1399 | D:2      | Reached skill level 1 in Crossbows
  1399 | D:2      | Reached skill level 1 in Throwing
  1399 | D:2      | Reached skill level 1 in Unarmed Combat
  1399 | D:2      | Reached skill level 1 in Spellcasting
  1399 | D:2      | Reached skill level 1 in Evocations
  1399 | D:2      | Reached XP level 4. HP: 42/45 MP: 5/5
  1500 | D:2      | Found a deep blue altar of Sif Muna.
  1697 | D:3      | Reached skill level 1 in Conjurations
  1697 | D:3      | Reached skill level 1 in Hexes
  1697 | D:3      | Reached skill level 1 in Charms
  1697 | D:3      | Reached skill level 1 in Summonings
  1697 | D:3      | Reached skill level 1 in Necromancy
  1697 | D:3      | Reached skill level 1 in Translocations
  1697 | D:3      | Reached skill level 1 in Transmutations
  1697 | D:3      | Reached skill level 1 in Fire Magic
  1697 | D:3      | Reached skill level 1 in Ice Magic
  1697 | D:3      | Reached skill level 1 in Air Magic
  1697 | D:3      | Reached skill level 1 in Earth Magic
  1697 | D:3      | Reached skill level 1 in Poison Magic
  1709 | D:3      | Reached XP level 5. HP: 34/51 MP: 5/7
  3009 | D:4      | Reached XP level 6. HP: 53/57 MP: 8/8
  3016 | D:4      | Found a snail-covered altar of Cheibriados.
  3108 | D:4      | Reached skill level 5 in Shields
  3254 | D:4      | Noticed Nib's ghost (amateur MiCK)
  3884 | D:4      | Reached XP level 7. HP: 57/63 MP: 10/10
  4313 | D:5      | Entered Level 5 of the Dungeon
  4318 | D:5      | Found a stormy altar of Qazlal.
  4363 | D:5      | Found a staircase to the Ecumenical Temple.
  4402 | Temple   | Entered the Ecumenical Temple
  4486 | D:5      | Found a snail-covered altar of Cheibriados.
  5077 | D:5      | Reached skill level 9 in Fighting
  5594 | D:5      | Reached XP level 8. HP: 71/71 MP: 12/12
  5852 | D:6      | Found a radiant altar of Vehumet.
  5894 | D:6      | Noticed a moth of wrath
  5897 | D:6      | Found a bloodstained altar of Trog.
  6213 | D:6      | Found a shimmering altar of Xom.
  6926 | D:7      | Noticed Joseph
  6949 | D:7      | Reached XP level 9. HP: 72/76 MP: 14/14
  6965 | D:7      | HP: 1/76 [Joseph/uncursed quarterstaff of draining (9)]
  6965 | D:7      | Slain by Joseph

Vault maps used:
D:1:      dpeg_arrival_rhombi, st_stairs_9, minmay_octomino_c4
D:2:      old_standard_altar, lemuel_blue_sif_altar, tso_metal_star,
          lemuel_doored_altar, makhleb_heckhound_becter
D:3:      first_ration, minmay_gold_behind_fungi, minivault_24
D:4:      lemuel_crystal_altar, minivault_14
D:5:      old_forge, grunt_qazlal_sundering, minmay_temple_entry_mist,
          cheibriados_altar_1
D:6:      tgw_trog, nicolae_overflow_crystal_walls, kennysheep_mini
D:7:      grunt_temple_overflow_gold_and_silver, okawaru_gym_becter,
          uniq_crazy_yiuf_cottage, uniq_joseph, uniq_prince_ribbit1
Temple:   corrupted_temple

Skill      XL: |  1  2  3  4  5  6  7  8 |
---------------+-------------------------+-----
Invocations    | 1 2 3 4 |  4.0
Short Blades   | 1 2 3 |  3.7
Long Blades    | 1 2 3 |  3.7
Axes           | 1 2 3 |  3.7
Maces & Flails | 1 2 3 |  3.7
Polearms       | 1 2 3 |  3.7
Staves         | 1 2 3 |  3.7
Slings         | 1 2 3 |  3.7
Crossbows      | 1 2 3 |  3.7
Throwing       | 1 2 3 |  3.7
Unarmed Combat | 1 2 3 |  3.7
Spellcasting   | 1 2 3 |  3.7
Evocations     | 1 2 3 |  3.7
Conjurations   | 1 2 3 |  3.0
Hexes          | 1 2 3 |  3.0
Charms         | 1 2 3 |  3.0
Summonings     | 1 2 3 |  3.0
Necromancy     | 1 2 3 |  3.0
Translocations | 1 2 3 |  3.0
Transmutations | 1 2 3 |  3.0
Fire Magic     | 1 2 3 |  3.0
Ice Magic      | 1 2 3 |  3.0
Air Magic      | 1 2 3 |  3.0
Earth Magic    | 1 2 3 |  3.0
Poison Magic   | 1 2 3 |  3.0
Bows           | 3 4 |  4.5
Armour         | 3 4 |  4.5
Dodging        | 3 4 |  4.5
Stealth        | 3 4 |  4.4
Shields        | 5 |  5.9
Fighting       | 9 |  9.3

Action                   |  1- 3 |  4- 6 |  7- 9 || total
-------------------------+-------+-------+-------++-------
Melee: Dagger            |   113 |       |       ||   113
       Bite              |    17 |    15 |    42 ||    74
       Short sword       |    57 |   211 |   380 ||   648
  Use: Scroll            |     4 |     2 |     8 ||    14
       Potion            |       |     3 |     1 ||     4
  Eat: Chunk             |     2 |     8 |     9 ||    19
Armor: Ring mail         |    68 |       |       ||    68
       Chain mail        |    17 |    76 |   148 ||   241
Dodge: Dodged            |    66 |    29 |    47 ||   142
Block: Shield            |   126 |    94 |   179 ||   399

Table legend:
 A = Spawn XP
 B = Non-spawn XP
 C = Spawn XP percentage of total XP
 D = Spawn monster count
 E = Non-spawn monster count
 F = Spawn count percentage of total count
 G = Total turns spent on level
                    A         B        C        D         E        F      G
               +---------+---------+-------+---------+---------+-------+---------
         Total |       0 |    2378 |   0.0 |       0 |     148 |   0.0 |  6965
               +---------+---------+-------+---------+---------+-------+---------
           D:1 |       0 |      35 |   0.0 |       0 |      24 |   0.0 |   765
           D:2 |       0 |      89 |   0.0 |       0 |      21 |   0.0 |  1313
           D:3 |       0 |     250 |   0.0 |       0 |      27 |   0.0 |  1199
           D:4 |       0 |     302 |   0.0 |       0 |      16 |   0.0 |  1218
           D:5 |       0 |     529 |   0.0 |       0 |      27 |   0.0 |  1125
           D:6 |       0 |    1040 |   0.0 |       0 |      30 |   0.0 |  1253
           D:7 |       0 |     133 |   0.0 |       0 |       3 |   0.0 |    50
               +---------+---------+-------+---------+---------+-------+---------
